 Dungeon Crawl Stone Soup version 0.18-a0-1267-gff090c1 (webtiles) character file.

43 wvc the Skirmisher (level 3, 0/34 HPs)
             Began as a Draconian Wanderer on Feb 3, 2016.
             Slain by a worm (3 damage)
             ... on level 3 of the Dungeon on Feb 6, 2016.
             The game lasted 00:04:15 (1285 turns).

wvc the Skirmisher (Draconian Wanderer)             Turns: 1285, Time: 00:04:15

Health: 0/34       AC:  5    Str: 15    XL:     3   Next: 37%
Magic:  3/3        EV: 11    Int: 14    God:
Gold:   43         SH:  0    Dex:  8    Spells: 0 memorised, 2 levels left

rFire  . . .     SeeInvis .     a - +3 mace
rCold  . . .     Gourm    .     (armour unavailable)
rNeg   . . .     Faith    .     (no shield)
rPois  .         Spirit   .     (helmet restricted)
rElec  .         Dismiss  .     (no cloak)
rCorr  .         Reflect  .     (no gloves)
SustAt .         Harm     .     (no boots)
MR     .....     Rnd*Tele +     i - amulet of magic regeneration
Stlth  +.........               (no ring)
                                j - ring of teleportation (curse)

@: not resistant to hostile enchantments, very unstealthy
A: unfitting armour, cold-blooded, AC +5
a: no special abilities


You were on level 3 of the Dungeon.
You were not hungry.

You visited 1 branch of the dungeon, and saw 4 of its levels.

You collected 43 gold pieces.

Inventory:

Hand Weapons
 a - a +3 mace (weapon)
Jewellery
 i - an amulet of magic regeneration (around neck)
 j - a cursed ring of teleportation (left hand)
Scrolls
 e - a scroll of fear
 k - 2 scrolls of remove curse {unknown}
 l - a scroll of teleportation {unknown}
 m - a scroll of enchant weapon
Potions
 b - 2 potions of curing
Comestibles
 c - 2 bread rations
 d - a meat ration
 f - 4 fruits
 g - 2 beef jerkies
 h - 2 chunks of flesh


   Skills:
 - Level 4.3 Fighting
   Level 2.0(2.9) Axes
 + Level 3.3(3.6) Maces & Flails
 - Level 1.0 Throwing
 + Level 1.4 Dodging
 - Level 1.0 Stealth


You had 2 spell levels left.
You didn't know any spells.

Dungeon Overview and Level Annotations

Branches:
Dungeon (4/15)
 Temple: D:4-7

Altars:

Shops:
D:4 :


Innate Abilities, Weirdness & Mutations

Your plain brown scales are hard (AC +5).
Your body does not fit into most forms of armour.
You are cold-blooded and may be slowed by cold attacks.


Message History

The iguana bites you!
* * * LOW HITPOINT WARNING * * *
The shadow imp gestures at you.
You barely resist. The iguana misses you.
A worm comes into view.
Found a stone staircase leading up.
Found a meat ration.
A bat comes into view.
Found a fuming black potion and a slice of pizza.
Found a potion of curing.
The kobold throws a stone.
The stone hits you but does no damage.
You see here a stone.
The kobold throws a stone.
The stone closely misses you.
The stone hits the iguana but does no damage.
The kobold throws a stone.
The stone barely misses you. The shadow imp barely misses you.
You see here a stone.
The worm bites you.
You die...

# .. ... ....
######## ..%!.
####..(...#...!..
#.....###...%....
#....?lw...##....
##+#.....@5...# ..
#....##K......##
#....##...........
#...K##.#########.
#....##.#
#....##.#
#....##.####
#.>.5.K....+
############


You could see a worm, an iguana, a shadow imp and a kobold.

Vanquished Creatures
  2 adders (D:2)
  A giant cockroach (D:1)
  4 goblins
  3 hobgoblins
  3 kobolds (D:1)
  A quokka (D:2)
  8 bats (D:1)
  2 rats (D:1)
24 creatures vanquished.

Notes
Turn   | Place    | Note
--------------------------------------------------------------
     0 | D:1      | wvc the Draconian Wanderer began the quest for the Orb.
     0 | D:1      | wvc set off with: a +2 mace, 2 potions of curing, a bread ration
     0 | D:1      | Reached XP level 1. HP: 22/22 MP: 1/1
   228 | D:1      | Reached XP level 2. HP: 26/28 MP: 2/2
   527 | D:1      | Upgraded the game from 0.18-a0-1225-g5d63bca to 0.18-a0-1267-gff090c1
   705 | D:1      | Reached skill level 1 in Dodging
   919 | D:2      | Reached XP level 3. HP: 29/34 MP: 3/3
  1143 | D:2      | You fall through a shaft for 2 floors!
  1143 | D:4      | Found Vaij's Book Emporium.
  1266 | D:3      | HP: 1/34 [iguana (11)]
  1285 | D:3      | Slain by a worm

Vault maps used:
D:1:      kilobyte_arrival_exit_the_forest
D:2:      kennysheep_generic_room_8
D:3:      lemuel_doored_altar, okawaru_gym_becter, zin_scriptorium,
          lightli_temple_of_fire
D:4:      old_standard_altar, nicolae_qazlal_eye_of_the_storm,
          grunt_temple_overflow_cloverleaf, serial_shops,
          nicolae_shop_window_shopping, first_bread, serial_forest,
          infiniplex_forest_lined_2, infiniplex_forest_clump_diagonal,
          infiniplex_forest_clump_small, infiniplex_forest_straight_2,
          infiniplex_forest_end_1

Action                   || total
-------------------------++-------
Melee: Mace              ||    63
  Use: Scroll            ||     4
  Eat: Chunk             ||     1
